 Dungeon Crawl Stone Soup version 0.22.1-2-g9c5b331 (webtiles) character file.

15105 video the Grappler (level 11, -3/90 HPs)
             Began as a Minotaur Monk on Nov 16, 2018.
             Was a High Priest of Cheibriados.
             Slain by a skeletal warrior
             ... wielding a +0 trident
             ... led by a skeletal warrior
              (10 damage)
             ... on level 11 of the Dungeon.
             The game lasted 00:50:50 (10625 turns).

video the Grappler (Minotaur Monk)                 Turns: 10625, Time: 00:50:51

Health: -3/90      AC:  8    Str: 29    XL:     11   Next: 97%
Magic:  10/15      EV: 21    Int: 19    God:    Cheibriados [*****.]
Gold:   337        SH:  0    Dex: 27    Spells: 10/10 levels left

rFire    . . .     SeeInvis +     - Unarmed
rCold    . . .     Gourm    .   (no shield)
rNeg     . . .     Faith    .   G - +2 robe {MR+}
rPois    +         Spirit   .   (helmet restricted)
rElec    .         Reflect  .   y - +2 cloak {rPois}
rCorr    .         Harm     .   C - +0 pair of gloves
MR       +....                  (no boots)
Stlth    +++++.....             (no amulet)
HPRegen  0.25/turn              q - ring of poison resistance
MPRegen  0.14/turn              n - ring of see invisible

@: very slow
A: retaliatory headbutt, horns 2
a: Bend Time, Temporal Distortion, Slouch, Step From Time, Renounce Religion


You were on level 11 of the Dungeon.
You worshipped Cheibriados.
Cheibriados was extremely pleased with you.
You were not hungry.

You visited 1 branch of the dungeon, and saw 11 of its levels.

You collected 539 gold pieces.
You spent 202 gold pieces at shops.

Inventory:

Hand Weapons
 s - a cursed +0 hand crossbow
 F - a +0 flail of crushing
Armour
 j - a +2 robe of magic resistance
 y - a +2 cloak of poison resistance (worn)
 A - a +0 cloak
 C - a +0 pair of gloves (worn)
 G - a +2 robe of magic resistance (worn)
 L - +0 acid dragon scales
Jewellery
 h - an uncursed ring of ice
 n - a ring of see invisible (right hand)
 q - a ring of poison resistance (left hand)
 u - an uncursed ring of resist corrosion
Wands
 a - a wand of paralysis (32)
 i - a wand of digging (7)
 w - a wand of iceblast (23)
 M - a wand of flame (16)
Scrolls
 d - 2 scrolls of magic mapping
 e - 5 scrolls of teleportation
 f - a scroll of immolation
 g - 4 scrolls of remove curse
 k - 5 scrolls of enchant armour
 m - a scroll of fog
 o - 2 scrolls of enchant weapon
 r - 2 scrolls of blinking
 x - 2 scrolls of amnesia
 B - a scroll of brand weapon {unknown}
 E - a scroll of random uselessness {unknown}
 H - 2 scrolls of identify
 J - a scroll of vulnerability {unknown}
 K - a scroll of fear {unknown}
Potions
 c - 6 potions of curing
 l - 3 potions of cancellation
 p - a potion of flight
 t - 4 potions of brilliance {unknown}
 v - a potion of invisibility
 z - 2 potions of lignification {unknown}
 D - a potion of resistance {unknown}
 I - a potion of might
 N - 3 potions of degeneration {unknown}
 O - a potion of mutation {unknown}
Comestibles
 b - 26 rations


   Skills:
 + Level 6.3 Fighting
 + Level 8.6 Dodging
 + Level 8.1 Stealth
 + Level 14.7 Unarmed Combat
 + Level 6.9 Invocations


You had 10 spell levels left.
You didn't know any spells.
Your spell library contained the following spells:

 Spells                   Type           Power        Failure   Level  Hunger
 Sting                    Conj/Pois      #...         21%         1    ##.....
 Poisonous Vapours        Pois/Air       #.....       30%         2    ###....
 Mephitic Cloud           Conj/Pois/Air  #.......     52%         3    ####...
 Olgreb's Toxic Radiance  Pois           #.......     90%         4    #####..
 Venom Bolt               Conj/Pois      #.........   99%         5    ######.


Dungeon Overview and Level Annotations

Branches:
Dungeon (11/15)            Temple (0/1) D:6            Lair (0/6) D:11
    Orc (0/2) D:9

Altars:
Cheibriados
Fedhas
Hepliaklqana
Kikubaaqudgha
Sif Muna
The Shining One
Beogh

Shops:
D:8 [


Innate Abilities, Weirdness & Mutations

You reflexively headbutt those who attack you in melee.
You have a pair of horns on your head.


Message History

The skeletal warrior hits you from afar with a glaive!!
A skeletal warrior comes into view.
It is wielding a long sword of freezing.
You hit the skeletal warrior but do no damage.
You headbutt the skeletal warrior.
The skeletal warrior is lightly damaged.
You can feel time thicken for a moment.
You feel somewhat more hungry.
Cheibriados lowers the support of your attributes as your movement quickens.
The skeletal warrior closely misses you.
You furiously retaliate!
You headbutt the skeletal warrior!
The skeletal warrior completely misses you.
The skeletal warrior hits you with a war axe!!
The skeletal warrior hits you with a war axe!!
* * * LOW HITPOINT WARNING * * *
The skeletal warrior hits you from afar with a glaive!!
* * * LOW HITPOINT WARNING * * *
There is an open door, spattered with blood here.
You fail to use your ability.
The skeletal warrior completely misses you.
The skeletal warrior hits you from afar with a trident!
You die...

).#............########..#
..#......................#
'##......................#
.# #...................#
.# #..........#####'#..#
## #..........#.....#.....
.+
#...#####.[#.....#......
.# #...# #..#.....#......
.#####...#
#.z@.....#......
.........+ +$z#.....# ....
.........# #zz#.#####
.........# #.z###
.......... .... ####......
.(.... . ........
.........z ............


You could see 5 skeletal warriors.

Vanquished Creatures
  Erolcha (D:9)
  Harold (D:11)
  4 two-headed ogres
  A tengu warrior (D:7)
  Nergalle (D:11)
  Pikel (D:6)
  Psyche (D:9)
  The ghost of nightchill the Cutter, a novice VSAs of Wu Jian (D:5)
  A hornet (D:7)
  2 hippogriffs
  A slime creature (D:7)
  8 yaks
  A wyvern (D:11)
  A vampire (D:7)
  A basilisk (D:11)
  A steam dragon (D:9)
  Eustachio (D:6)
  An acid dragon (D:11)
  A water moccasin (D:11)
  3 ice beasts
  3 slaves (D:6)
  A black bear (D:9)
  3 orc warriors
  5 sky beasts
  2 necrophages
  3 phantoms
  6 ogres
  5 centaurs
  3 crocodiles (D:11)
  3 big kobolds (D:11)
  2 bullfrogs
  3 scorpions
  A wyvern skeleton (D:7)
  7 killer bees
  5 wights (D:7)
  5 howler monkeys
  9 crimson imps
  3 centaur zombies
  3 jellies
  A quasit (D:9)
  3 bullfrog skeletons
  10 orc wizards
  2 centaur skeletons
  3 hounds
  10 orc priests
  2 iguanas
  10 worker ants
  A killer bee zombie (D:9)
  A hound zombie (D:7)
  A hound skeleton (D:6)
  3 worker ant zombies
  3 gnolls (D:5)
  3 river rats (D:4)
  12 adders
  7 shadow imps
  An ooze (D:6)
  2 adder zombies
  3 adder skeletons
  3 worms
  A dart slug (D:4)
  4 leopard geckos
  60 orcs
  8 bats
  9 giant cockroaches
  3 goblins
  6 hobgoblins
  3 jackals (D:1)
  13 kobolds
  5 quokkas
  2 ball pythons
  9 frilled lizards
  2 leopard gecko zombies (D:7)
  A quokka skeleton (D:5)
  6 rats
318 creatures vanquished.

Notes
Turn   | Place    | Note
-------+----------+-------------------------------------------
     0 | D:1      | video the Minotaur Monk began the quest for the Orb.
     0 | D:1      | Reached XP level 1. HP: 19/19 MP: 0/0
   409 | D:1      | Reached XP level 2. HP: 27/27 MP: 1/1
   786 | D:2      | Found a snail-covered altar of Cheibriados.
   797 | D:2      | Became a worshipper of Cheibriados the Contemplative
   797 | D:2      | Reached * piety under Cheibriados
   797 | D:2      | Reached ** piety under Cheibriados
   856 | D:2      | Reached XP level 3. HP: 32/33 MP: 2/2
  1121 | D:2      | Reached skill level 4 in Unarmed Combat
  1483 | D:3      | Reached *** piety under Cheibriados
  1493 | D:3      | Reached XP level 4. HP: 40/40 MP: 3/3
  1570 | D:3      | Reached skill level 1 in Invocations
  1570 | D:3      | Reached XP level 5. HP: 26/46 MP: 4/4
  1576 | D:3      | Reached skill level 5 in Unarmed Combat
  2524 | D:4      | Noticed a centaur
  2526 | D:4      | Killed a centaur
  2526 | D:4      | Reached XP level 6. HP: 48/52 MP: 6/6
  2690 | D:4      | Found an ancient bone altar of Kikubaaqudgha.
  3125 | D:4      | Reached skill level 6 in Unarmed Combat
  3141 | D:4      | Reached **** piety under Cheibriados
  3235 | D:5      | Entered Level 5 of the Dungeon
  3243 | D:5      | Noticed a sky beast
  3253 | D:5      | Killed a sky beast
  3411 | D:5      | Noticed a sky beast
  3418 | D:5      | Killed a sky beast
  3418 | D:5      | Reached XP level 7. HP: 50/60 MP: 7/7
  3494 | D:5      | Found a deep blue altar of Sif Muna.
  3496 | D:5      | Found a glowing golden altar of the Shining One.
  3681 | D:5      | Found a runed door.
  3686 | D:5      | Noticed nightchill's ghost (novice VSAs)
  3714 | D:5      | Killed nightchill's ghost
  3714 | D:5      | Reached skill level 5 in Dodging
  3714 | D:5      | Reached skill level 7 in Unarmed Combat
  3714 | D:5      | Reached XP level 8. HP: 38/67 MP: 9/9
  4095 | D:5      | Reached skill level 8 in Unarmed Combat
  4210 | D:5      | Reached skill level 5 in Fighting
  4405 | D:6      | Noticed Pikel
  4424 | D:6      | Killed Pikel
  4428 | D:6      | Reached skill level 9 in Unarmed Combat
  4498 | D:6      | Reached ***** piety under Cheibriados
  4613 | D:6      | Reached XP level 9. HP: 66/74 MP: 11/11
  4668 | D:6      | Found a staircase to the Ecumenical Temple.
  4717 | D:6      | Noticed Eustachio
  4742 | D:6      | Killed Eustachio
  5032 | D:7      | Reached skill level 5 in Stealth
  5032 | D:7      | Reached skill level 5 in Invocations
  5111 | D:7      | Found a blossoming altar of Fedhas.
  5175 | D:7      | Reached skill level 10 in Unarmed Combat
  5216 | D:7      | Noticed a two-headed ogre
  5227 | D:7      | Killed a two-headed ogre
  5227 | D:7      | Reached skill level 11 in Unarmed Combat
  5533 | D:7      | Found a runed door.
  5535 | D:7      | Found a runed door.
  5535 | D:7      | Found a runed door.
  5536 | D:7      | Noticed a two-headed ogre
  5546 | D:7      | Reached XP level 10. HP: 81/81 MP: 13/13
  5550 | D:7      | Killed a two-headed ogre
  5628 | D:7      | Found the +0 pair of fencer's gloves {+Riposte Dex+3}
  5628 | D:7      | Noticed a skeletal warrior
  5628 | D:7      | Noticed a tengu warrior
  5675 | D:7      | Killed a tengu warrior
  5675 | D:7      | Reached skill level 12 in Unarmed Combat
  6587 | D:8      | Found a hazy altar of Hepliaklqana.
  6788 | D:8      | Noticed a two-headed ogre
  6796 | D:8      | Killed a two-headed ogre
  7238 | D:8      | Found Xauc Lep's Antique Armour Boutique.
  7244 | D:8      | Bought an embroidered cloak for 202 gold pieces
  7377 | D:9      | Noticed Psyche
  7381 | D:9      | Killed Psyche
  7438 | D:9      | Reached XP level 11. HP: 75/89 MP: 14/14
  7446 | D:9      | Reached skill level 13 in Unarmed Combat
  7612 | D:9      | Noticed Erolcha
  7619 | D:9      | Killed Erolcha
  7782 | D:9      | Found a staircase to the Orcish Mines.
  7815 | D:9      | Found a roughly hewn altar of Beogh.
  8063 | D:10     | Entered Level 10 of the Dungeon
  9323 | D:11     | Noticed a two-headed ogre
  9329 | D:11     | Killed a two-headed ogre
  9329 | D:11     | Reached skill level 14 in Unarmed Combat
  9381 | D:11     | Noticed Nergalle
  9407 | D:11     | Killed Nergalle
  9536 | D:11     | Reached ****** piety under Cheibriados
  9543 | D:11     | HP: 2/89 [yak (8)]
  9876 | D:11     | Noticed Harold
  9895 | D:11     | Killed Harold
 10419 | D:11     | Found a staircase to the Lair.
 10591 | D:11     | Noticed a skeletal warrior
 10591 | D:11     | Noticed a skeletal warrior
 10619 | D:11     | Noticed a skeletal warrior
 10620 | D:11     | Noticed a skeletal warrior
 10621 | D:11     | Noticed a skeletal warrior
 10625 | D:11     | Slain by a skeletal warrior

Skill      XL: |  1  2  3  4  5  6  7  8  9 10 11 |
---------------+----------------------------------+-----
Fighting       | 4 5 6 |  6.3
Unarmed Combat | 4 5 6 7 9 11 12 14 | 14.7
Stealth        | 2 3 4 5 6 8 |  8.1
Dodging        | 4 5 6 7 8 |  8.6
Invocations    | 1 2 3 4 5 6 |  6.9

Action                   |  1- 3 |  4- 6 |  7- 9 | 10-12 || total
-------------------------+-------+-------+-------+-------++-------
Melee: Unarmed           |   113 |    92 |   158 |   293 ||   656
       Headbutt          |    19 |    20 |    64 |    93 ||   196
       Punch             |     3 |     5 |     9 |    28 ||    45
Invok: Slouch            |       |       |     2 |     7 ||     9
       Bend Time         |       |       |       |     1 ||     1
  Use: Scroll            |     8 |     2 |     6 |     5 ||    21
       Potion            |     2 |     1 |       |     3 ||     6
 Stab: Sleeping          |     3 |     4 |     7 |    14 ||    28
       Distracted        |       |       |     1 |     1 ||     2
  Eat: Chunk             |     1 |     2 |     5 |     9 ||    17
Armor: Robe              |    20 |    14 |     9 |    29 ||    72
Dodge: Dodged            |    71 |    74 |    97 |   267 ||   509
